 Dungeon Crawl Stone Soup version 0.24.1-14-gf8d2b509d9 (webtiles) character file.

Game seed: 12005958306654313294, levelgen mode: deterministic

2480 mortelune the Skirmisher (level 9, -5/75 HPs)
             Began as an Octopode Transmuter on May 19, 2020.
             Was a Follower of Cheibriados.
             Slain by a killer bee (7 damage)
             ... on level 10 of the Dungeon.
             The game lasted 00:21:40 (10834 turns).

mortelune the Skirmisher (Octopode Transmuter)     Turns: 10834, Time: 00:21:40

Health: -5/75      AC:  7    Str: 11    XL:     9   Next: 51%
Magic:  10/13      EV: 13    Int: 25    God:    Cheibriados [*.....]
Gold:   418        SH:  0    Dex: 15    Spells: 1/14 levels left

rFire    x . .     SeeInvis .     - Unarmed
rCold    + + +     Gourm    .   (shield currently unavailable)
rNeg     . . .     Faith    .   (helmet currently unavailable)
rPois    +         Spirit   .   d - amulet of the acrobat
rElec    .         Reflect  .   M - ring of protection from magic
rCorr    .         Harm     .   (no ring)
MR       +....                  (no ring)
Stlth    +.........             (no ring)
HPRegen  0.22/turn              (no ring)
MPRegen  0.13/turn              (no ring)
                                (no ring)
                                (no ring)

@: brilliant, lethally poisoned (-5 -> -5), ice-form, very slightly
contaminated, very slow
A: large, almost no armour, stealthy swim, amphibious, 8 rings, (constrict 8)
a: End Transformation, Bend Time, Renounce Religion


You were on level 10 of the Dungeon.
You worshipped Cheibriados.
Cheibriados was aware of your devotion.
You were hungry.
You were a creature of crystalline ice.
You visited 2 branches of the dungeon, and saw 10 of its levels.

You collected 418 gold pieces.

Inventory:

Hand Weapons
 b - a +3 hunting sling
Missiles
 e - 83 arrows
 g - 15 poisoned darts
 k - 114 stones (quivered)
 m - 4 curare-tipped darts
Armour
 j - a +2 hat (melded)
Magical Staves
 h - an uncursed staff of cold
Jewellery
 d - an amulet of the acrobat (around neck)
 p - an uncursed amulet of faith {unknown}
 v - an uncursed amulet of the gourmand
 M - a ring of protection from magic (left front paw)
Wands
 r - a wand of paralysis (10)
Scrolls
 a - 3 scrolls of noise
 f - 3 scrolls of fog
 i - 3 scrolls of amnesia
 o - 3 scrolls of remove curse
 t - a scroll of teleportation
Potions
 l - a potion of curing
 u - 2 potions of haste
 x - a potion of cancellation
 z - a potion of ambrosia
Comestibles
 c - 9 rations


   Skills:
 + Level 6.7 Fighting
 + Level 6.3 Dodging
 + Level 6.7 Unarmed Combat
 - Level 3.2 Spellcasting
 * Level 5.8 Transmutations


You had one spell level left.
You knew the following spells:

 Your Spells              Type           Power        Failure   Level  Hunger
a - Beastly Appendage     Tmut           #####.       1%          1    None
b - Sticks to Snakes      Tmut           #####...     1%          2    #......
c - Spider Form           Tmut/Pois      ####......   1%          3    ###....
d - Ice Form              Ice/Tmut       ####....     3%          4    ####...
e - Dazzling Spray        Conj/Hex       ###...       3%          3    ###....

Your spell library contained the following spells:

 Spells                   Type           Power        Failure   Level  Hunger
 Magic Dart               Conj           ###.         1%          1    None
 Searing Ray              Conj           ###...       1%          2    #......
 Blade Hands              Tmut           #####.....   3%          5    ######.
 Force Lance              Conj/Tloc      ###.....     11%         4    ####...
 Fulminant Prism          Conj/Hex       ###.......   11%         4    ####...
 Iskenderun's Mystic Bla  Conj           ###.....     11%         4    ####...


Dungeon Overview and Level Annotations

Branches:
Dungeon (8/15)             Temple (1/1) D:7
   Lair: D:8-11

Altars:
Ashenzari
Cheibriados
Dithmenos
Elyvilon
Fedhas
Gozag
Hepliaklqana
Kikubaaqudgha
Makhleb
Okawaru
Qazlal
Ru
Trog
Uskayaw
Vehumet
Wu Jian
Xom
Yredelemnul
Zin
The Shining One

Annotations:
D:10 Fannar, Urug


Innate Abilities, Weirdness & Mutations

You cannot wear most types of armour.
You are very stealthy in the water. (Stealth+)
You are amphibious.
You can wear up to eight rings at the same time.
((You can use your tentacles to constrict eight enemies at once.))
((Your skin changes colour to match your surroundings (Stealth+).))
((Your rubbery body absorbs attacks. (AC +1, EV +1)))


Message History

Blink to where?
Press: ? - help, Dir - move target cursor You are very lightly contaminated with residual magic.
As you read the scroll labeled QUNAMP NAINYPE, it crumbles to dust.
It was a scroll of blinking.
You feel sick.
The water moccasin zombie closely misses you.
The killer bee closely misses you.
The killer bee stings you but does no damage.
The killer bee barely misses you. The killer bee misses you.
The killer bee stings you.
* * * LOW HITPOINT WARNING * * *
The water moccasin zombie closely misses you.
The killer bee stings you but does no damage.
You feel sick. The killer bee closely misses you. The killer bee misses you.
The killer bee closely misses you.
The killer bee stings you but does no damage. x2
You punch the killer bee! You freeze the killer bee.
The killer bee is almost dead.
The killer bee barely misses you. The killer bee stings you!
You die...

#........ ...
#........ ....
#........
.#.... .......#
......
.......##......
#§§§......#
##§§§....#
##y§§§§§.#....
#Yyy§§§##.....
###Z§.## ....
##### ... .. .


You could see 3 killer bees and a water moccasin zombie.

Vanquished Creatures
  A centaur skeleton (D:10)
  A black bear (D:10)
  3 ice beasts
  A sky beast (D:10)
  2 necrophages (D:8)
  3 ogres
  2 big kobolds (D:8)
  2 scorpions (D:5)
  2 killer bees (D:10)
  2 howler monkeys (D:8)
  4 crimson imps
  A quasit (D:8)
  3 hounds
  A jelly (D:6)
  2 orc wizards
  2 orc priests
  2 bullfrog skeletons
  3 iguanas
  4 worker ants
  A killer bee zombie (D:7)
  3 hound skeletons
  Robin (D:2)
  5 gnolls
  6 adders
  A shadow imp (D:4)
  An ooze (D:1)
  2 worms
  4 dart slugs
  8 orcs
  4 giant cockroaches
  15 goblins
  6 hobgoblins
  3 jackals (D:1)
  9 quokkas
  2 ball pythons
  8 bats
  17 kobolds
  4 rats
141 creatures vanquished.

Vanquished Creatures (collateral kills)
  A scorpion (D:4)
  An iguana (D:5)
  A worker ant (D:5)
  An adder (D:2)
  A bat (D:1)
  A kobold (D:3)
6 creatures vanquished.

Grand Total: 147 creatures vanquished

Notes
Turn   | Place    | Note
-------+----------+-------------------------------------------
     0 | D:1      | mortelune the Octopode Transmuter began the quest for the
                  | Orb.
     0 | D:1      | Reached XP level 1. HP: 13/13 MP: 3/3
   112 | D:1      | Reached XP level 2. HP: 18/18 MP: 5/5
   193 | D:1      | Learned a level 2 spell: Sticks to Snakes
   906 | D:2      | Reached XP level 3. HP: 23/23 MP: 1/6
  1214 | D:2      | Learned a level 3 spell: Spider Form
  1352 | D:2      | Noticed Robin
  1365 | D:2      | Killed Robin
  1365 | D:2      | Reached XP level 4. HP: 29/29 MP: 4/7
  2040 | D:3      | Paralysed by an orc for 5 turns
  2329 | D:3      | Paralysed by an orc for 2 turns
  2550 | D:3      | Reached XP level 5. HP: 35/35 MP: 9/9
  2616 | D:3      | Found a faded altar of an unknown god.
  4443 | D:4      | Reached XP level 6. HP: 23/41 MP: 4/10
  5282 | D:4      | Learned a level 4 spell: Ice Form
  5317 | D:5      | Entered Level 5 of the Dungeon
  5455 | D:5      | Noticed a sky beast
  5863 | D:5      | Noticed an ice beast
  5886 | D:5      | Killed an ice beast
  6357 | D:5      | Reached XP level 7. HP: 47/47 MP: 11/11
  7058 | D:5      | Found a bloodstained altar of Trog.
  7247 | D:5      | Found a stormy altar of Qazlal.
  7330 | D:6      | Reached XP level 8. HP: 54/54 MP: 12/12
  7840 | D:6      | Reached skill level 5 in Fighting
  7953 | D:6      | Reached skill level 5 in Unarmed Combat
  8795 | D:7      | Reached skill level 5 in Dodging
  8982 | D:7      | Learned a level 3 spell: Dazzling Spray
  9010 | D:7      | Found a staircase to the Ecumenical Temple.
  9438 | D:7      | Noticed a two-headed ogre
  9548 | Temple   | Entered the Ecumenical Temple
  9598 | Temple   | Became a worshipper of Cheibriados the Contemplative
  9763 | D:8      | Reached XP level 9. HP: 57/62 MP: 4/13
 10143 | D:8      | Reached skill level 5 in Transmutations
 10343 | D:8      | Reached * piety under Cheibriados
 10412 | D:8      | You fall into a shaft and drop 2 floors!
 10412 | D:10     | Entered Level 10 of the Dungeon
 10742 | D:10     | Noticed Fannar
 10775 | D:10     | Noticed Urug
 10775 | D:10     | Noticed a troll
 10832 | D:10     | HP: 3/75 [killer bee (4)]
 10834 | D:10     | Slain by a killer bee

Levels and vault maps discovered:
D:1:      ebering_hopf_link, layout_rooms, grunt_decor_one_mirror
D:2:      layout_loops_ring, uniq_robin
D:3:      layout_loops_ring, chequers_ecumenical_altar_simple
D:4:      layout_rooms, first_ration
D:5:      layout_basic, lightli_temple_of_fire, nicolae_qazlal_eye_of_the_storm
D:6:      layout_rooms
D:7:      layout_rooms, lemuel_temple_firewalk_a, basic_altar,
          minmay_manual_mail
D:8:      layout_gridville
D:10:     layout_cave_pools, uniq_urug, uniq_fannar
Temple:   nicolae_temple_the_god_donut

Skill      XL: |  1  2  3  4  5  6  7  8  9 |
---------------+----------------------------+-----
Transmutations | 3 4 5 |  5.8
Fighting       | 2 3 4 6 |  6.7
Spellcasting   | 3 |  3.2
Dodging        | 4 5 6 |  6.3
Unarmed Combat | 4 6 |  6.7

Action                   |  1- 3 |  4- 6 |  7- 9 || total
-------------------------+-------+-------+-------++-------
Melee: Unarmed           |    59 |   125 |   221 ||   405
       Constrict         |    11 |    14 |    12 ||    37
       Tentacles         |     8 |     6 |    13 ||    27
       Kick              |     5 |     6 |    11 ||    22
       Punch             |     4 |     1 |     2 ||     7
 Fire: Hunting sling     |       |    78 |    65 ||   143
Throw: Stone             |    19 |     1 |     1 ||    21
 Cast: Beastly Appendage |     6 |     5 |     6 ||    17
       Sticks to Snakes  |     2 |    15 |    11 ||    28
       Spider Form       |     1 |    11 |    22 ||    34
       Ice Form          |       |       |     2 ||     2
Evoke: Wand              |       |       |     1 ||     1
  Use: Potion            |       |     4 |     2 ||     6
       Scroll            |       |    13 |     7 ||    20
 Stab: Sleeping          |     2 |       |       ||     2
       Paralysed         |       |       |     5 ||     5
  Eat: Chunk             |     2 |    10 |    10 ||    22
       Ration            |       |     2 |     2 ||     4
Armor: Skin              |    12 |    10 |    32 ||    54
Dodge: Dodged            |    56 |   113 |   272 ||   441
